 Dungeon Sprint DCSS version 0.20.1-1-g8b1a95d (webtiles) character file.

19230 wojtek the Shatterer (level 12, -12/183 (187) HPs)
             Began as a Minotaur Fighter on Dec 31, 2017.
             Was an Elder of Trog.
             Killed from afar by Lom Lobon (53 damage)
             ... with a great icy blast
             ... in the Dungeon (Sprint I: "Red Sonja").
             The game lasted 00:22:47 (5126 turns).

wojtek the Shatterer (Minotaur Fighter)             Turns: 5126, Time: 00:22:48

HP:   -12/183 (187) AC: 27    Str: 32    XL:     12   Next: 34%
MP:   3/11          EV: 13    Int:  5    God:    Trog [****..]
Gold: 3675          SH:  0    Dex: 13    Spells: 11/11 levels left

rFire    + + .     SeeInvis .   y - +1 great mace (crush)
rCold    + + .     Gourm    .   (shield currently unavailable)
rNeg     . . .     Faith    .   v - +3 gold dragon scales
rPois    +         Spirit   .   (helmet restricted)
rElec    .         Reflect  .   r - +1 cloak {+Inv}
rCorr    +         Harm     .   (no gloves)
MR       +++..     NoTele   +   (no boots)
Stlth    ..........             (no amulet)
Regen    1.4/turn               s - ring of Heimur {rF+ rC+ MR+ Dex+2 Slay+2}
MPRegen  0.2/turn               t - ring "Vog Suquil" {rCorr rPois Str+2}

@: berserking (expiring), regenerating, very quick
A: retaliatory headbutt, horns 2
a: Berserk, Trog's Hand, Brothers in Arms, Burn Spellbooks, Renounce Religion,
Evoke Invisibility


You were in the Dungeon.
You worshipped Trog.
Trog was greatly pleased with you.
You were not hungry.

You visited 1 branch You collected 5905 gold pieces.
You spent 2230 gold pieces at shops.

Inventory:

Hand Weapons
 a - a +0 flail
 w - a +3 antimagic dire flail
 x - a +3 great mace of venom
 y - a +1 great mace of crushing (weapon)
Missiles
 B - 16 arrows
Armour
 c - a +0 shield
 r - a +1 cloak of invisibility (worn)
 u - a +2 plate armour of fire resistance
 v - +3 gold dragon scales (worn)
 F - the +0 chain mail "Hoableq" {*Corrode rElec rN++ MP+9, unknown}
   (You found it in the Dungeon)

   It insulates you from electricity.
   It greatly protects you from negative energy.
   It affects your magic capacity (+9).
   It may corrode you when you take damage.
Jewellery
 s - the ring of Heimur (left hand) {rF+ rC+ MR+ Dex+2 Slay+2}
   (You found it in the Dungeon)

   [ring of protection from fire]

   It affects your dexterity (+2).
   It affects your accuracy and damage with ranged weapons and melee attacks
   (+2).
   It protects you from fire.
   It protects you from cold.
   It affects your resistance to hostile enchantments.
 t - the ring "Vog Suquil" (right hand) {rCorr rPois Str+2}
   (You bought it in a shop in the Dungeon)

   [ring of resist corrosion]

   It affects your strength (+2).
   It protects you from poison.
 D - an uncursed amulet of rage {unknown}
 E - the amulet of the Open Hand {Reflect rElec Str+3 SH+3, unknown}
   (You found it in the Dungeon)

   [amulet of reflection]

   It shields you and reflects attacks.
   It affects your strength (+3).
   It insulates you from electricity.
   It affects your SH (+3).
Wands
 l - a wand of digging (4/24)
Scrolls
 b - a scroll of summoning {unknown}
 k - a scroll of blinking
 m - 3 scrolls of identify {unknown}
 p - a scroll of recharging {unknown}
 q - 2 scrolls of magic mapping {unknown}
Potions
 d - a potion of might
 e - 4 potions of curing
 g - 3 potions of heal wounds
 h - 2 potions of haste
 i - 2 potions of magic
 j - a potion of berserk rage
 n - a potion of mutation {unknown}
 o - 2 potions of brilliance {unknown}
 A - 2 potions of flight
 C - a potion of invisibility {unknown}
Books
 z - a book of Clouds

   Spells                             Type                      Level
   a - Poisonous Vapours              Poison/Air                   2
   b - Mephitic Cloud                 Conjuration/Poison/Air       3
   c - Conjure Flame                  Conjuration/Fire             3
   d - Freezing Cloud                 Conjuration/Ice/Air          6
   e - Ring of Flames                 Charms/Fire                  7
   Trog disapproves of the use of such an item.
Comestibles
 f - 7 bread rations


   Skills:
 + Level 17.2 Fighting
 * Level 22.7 Maces & Flails
 + Level 17.3 Armour
 + Level 11.4 Dodging
 - Level 8.3 Shields


You had 11 spell levels left.
You didn't know any spells.

Dungeon Overview and Level Annotations

Branches:
Dungeon (1/1)

Altars:
Cheibriados
Dithmenos
Elyvilon
Fedhas
Gozag
Hepliaklqana
Kikubaaqudgha
Makhleb
Nemelex Xobeh
Okawaru
Qazlal
Ru
Sif Muna
Trog
Uskayaw
Vehumet
Xom
Yredelemnul
Zin
The Shining One
Jiyva
Lugonu

Shops:
D %!=*((*=!}?[?%%[}}

Annotations:
D Lom Lobon


Innate Abilities, Weirdness & Mutations

You reflexively headbutt those who attack you in melee.
You have a pair of horns on your head.


Message History

The ball lightning completely resists.
The ball lightning explodes!
The blast of lightning engulfs the ball lightning.
The ball lightning completely resists.
The blast of lightning engulfs you!
* * * LOW HITPOINT WARNING * * *
The blast of lightning engulfs Lom Lobon.
Lom Lobon completely resists.
You sock the ball lightning!
The ball lightning explodes!
The blast of lightning engulfs you!
* * * LOW HITPOINT WARNING * * *
The blast of lightning engulfs Lom Lobon.
Lom Lobon completely resists.
Trog accepts your kill.
You can now call in reinforcements.
You are engulfed in freezing vapours.
You resist.
* * * LOW HITPOINT WARNING * * *
Lom Lobon gestures at you.
Lom Lobon conjures a mighty blast of ice!
The great icy blast engulfs you! You partially resist.
You die...

##...###
#≈≈≈##........##..# #####
#≈≈≈≈##(()()(##...#
#≈≈≈≈≈########§§..#
####≈≈≈≈#≈≈≈≈(#..§..#
#..#'≈≈≈'≈≈.≈≈'§....#
#..§##≈≈#≈≈≈(≈#≈≈≈..# §
#.§§§######'#####≈≈≈# §.§
#.§§§#≈≈≈≈≈≈≈≈≈≈##≈≈#
§&§§####@##)≈≈≈≈≈≈≈≈≈≈≈≈#
§.§§')}#§§'...≈≈≈≈≈≈≈#≈≈#
#[)'&§#........≈≈≈#≈#
#####################


You could see Lom Lobon.

Vanquished Creatures
  A golden dragon (D)
  A lorocyproca (D)
  A mummy priest (D)
  2 centaur warriors (D)
  Sonja (D)
  A deep troll (D)
  A lindwurm (D)
  2 unseen horrors (D)
  2 oklob plants (D)
  A gargoyle (D)
  2 kobold demonologists (D)
  4 demonic crawlers (D)
  A hornet (D)
  A slime creature (D)
  Sigmund (D)
  2 redbacks (D)
  13 hogs (D)
  A yak (D)
  2 floating eyes (D)
  An ogre (D)
  7 necrophages (D)
  8 jellies (D)
  Ijyb (D)
  A ball lightning (D)
  2 ballistomycetes (D)
60 creatures vanquished.

Vanquished Creatures (collateral kills)
  the Lernaean hydra (D)
  A shadow dragon (D)
  A deep elf annihilator (D)
  A hydra (D)
  2 merfolk sirens (D)
  A hellwing (D)
  4 hornets (D)
  A floating eye (D)
12 creatures vanquished.

Vanquished Creatures (others)
  A deep elf master archer (D)
  A gargoyle (D)
  2 ball lightnings (D)
  2 ballistomycete spores (D)
6 creatures vanquished.

Grand Total: 78 creatures vanquished

Notes
Turn   | Place    | Note
-------+----------+-------------------------------------------
     0 | D        | wojtek the Minotaur Fighter began the quest for the Orb.
     0 | D        | Reached XP level 1. HP: 19/19 MP: 0/0
     1 | D        | Noticed Ijyb
     5 | D        | Killed Ijyb
     5 | D        | Reached skill level 5 in Fighting
     5 | D        | Reached skill level 5 in Maces & Flails
     5 | D        | Reached skill level 5 in Armour
     5 | D        | Reached XP level 2. HP: 26/29 MP: 1/1
    34 | D        | Noticed an ogre
    47 | D        | Killed an ogre
    47 | D        | Reached skill level 8 in Maces & Flails
    47 | D        | Reached XP level 3. HP: 12/38 MP: 2/2
    47 | D        | Reached XP level 4. HP: 14/45 MP: 3/3
   252 | D        | Noticed Sigmund
   265 | D        | Killed Sigmund
   265 | D        | Reached skill level 10 in Maces & Flails
   265 | D        | Reached XP level 5. HP: 47/53 MP: 4/4
   265 | D        | Reached XP level 6. HP: 54/61 MP: 5/5
   297 | D        | Found a burning altar of Makhleb.
   297 | D        | Found a viscous altar of Jiyva.
   297 | D        | Found a shimmering altar of Xom.
   297 | D        | Found a corrupted altar of Lugonu.
   297 | D        | Noticed a slime creature
   303 | D        | Killed a slime creature
   303 | D        | Reached skill level 12 in Maces & Flails
   443 | D        | Found a deep blue altar of Sif Muna.
   445 | D        | Found a radiant altar of Vehumet.
   479 | D        | Found Dyogasel's Distillery.
   479 | D        | Found an ancient bone altar of Kikubaaqudgha.
   479 | D        | Found a hazy altar of Hepliaklqana.
   479 | D        | Found a stormy altar of Qazlal.
   479 | D        | Found a hide-covered altar of Uskayaw.
   479 | D        | Found a blossoming altar of Fedhas.
   479 | D        | Found a bloodstained altar of Trog.
   479 | D        | Found an iron altar of Okawaru.
   479 | D        | Found a basalt altar of Yredelemnul.
   479 | D        | Found a glowing golden altar of the Shining One.
   479 | D        | Found a snail-covered altar of Cheibriados.
   479 | D        | Found a sacrificial altar of Ru.
   479 | D        | Found a glowing silver altar of Zin.
   479 | D        | Found a shadowy altar of Dithmenos.
   479 | D        | Found a white marble altar of Elyvilon.
   479 | D        | Noticed a yak
   491 | D        | Killed a yak
   491 | D        | Reached skill level 10 in Fighting
   491 | D        | Reached skill level 13 in Maces & Flails
   491 | D        | Reached skill level 10 in Armour
   491 | D        | Reached XP level 7. HP: 72/72 MP: 6/6
   492 | D        | Found an opulent altar of Gozag.
   493 | D        | Found a sparkling altar of Nemelex Xobeh.
   498 | D        | Became a worshipper of Trog the Wrathful
   522 | D        | Noticed a kobold demonologist
   523 | D        | Noticed a kobold demonologist
   524 | D        | Paralysed by a floating eye for 2 turns
   526 | D        | Noticed a red devil
   535 | D        | Killed a kobold demonologist
   535 | D        | Reached * piety under Trog
   535 | D        | Reached skill level 14 in Maces & Flails
   541 | D        | Killed a kobold demonologist
   541 | D        | Reached XP level 8. HP: 29/82 MP: 7/7
   777 | D        | Noticed a centaur warrior
   778 | D        | Noticed a centaur warrior
   803 | D        | Killed a centaur warrior
   803 | D        | Reached ** piety under Trog
   803 | D        | Reached skill level 16 in Maces & Flails
   806 | D        | Killed a centaur warrior
   806 | D        | Reached skill level 17 in Maces & Flails
   806 | D        | Reached XP level 9. HP: 15/93 MP: 8/8
  1122 | D        | Noticed a deep troll
  1131 | D        | Killed a deep troll
  1147 | D        | Found Yfoow's Armour Emporium.
  1307 | D        | Reached skill level 1 in Dodging
  1451 | D        | Noticed an oklob plant
  1460 | D        | Killed an oklob plant
  1551 | D        | Reached *** piety under Trog
  1551 | D        | Reached skill level 18 in Maces & Flails
  1562 | D        | Reached skill level 5 in Shields
  1562 | D        | Reached XP level 10. HP: 102/102 MP: 9/9
  1589 | D        | Reached **** piety under Trog
  1603 | D        | Reached ***** piety under Trog
  1752 | D        | Killed a gargoyle
  1935 | D        | Received a gift from Trog
  1955 | D        | Got a twitching lead ring
  1956 | D        | Identified the ring of Heimur {rF+ rC+ MR+ Dex+2 Slay+2} (You found it in the Dungeon)
  1963 | D        | Found Ole Lopn's Assorted Antiques.
  1963 | D        | Found Otiuq's Jewellery Shop.
  1963 | D        | Found Appiaxen's Antique Weapon Boutique.
  1965 | D        | Found Vegyll's Antique Weapon Emporium.
  1965 | D        | Found Hoach's General Store.
  1965 | D        | Found Erobuohu's Jewellery Shoppe.
  1965 | D        | Found Zocelepsairi's Distillery.
  1965 | D        | Found Ruczikil's Gadget Emporium.
  1965 | D        | Found Afa Rov's Magic Scroll Shop.
  1965 | D        | Found Piojoph's Antique Armour Shoppe.
  1968 | D        | Found Woleicapp's Magic Scroll Boutique.
  1971 | D        | Found Xiduyrgh's Food Emporium.
  1971 | D        | Found Abor's Food Boutique.
  1972 | D        | Found Pogumm's Gadget Emporium.
  1991 | D        | Bought a scorched steel ring for 95 gold pieces
  1991 | D        | Identified the ring "Vog Suquil" {rCorr rPois Str+2} (You bought it in a shop in the Dungeon)
  1999 | D        | Bought a runed plate armour for 702 gold pieces
  2015 | D        | Bought a bread ration for 55 gold pieces
  2015 | D        | Bought a bread ration for 55 gold pieces
  2055 | D        | Bought a potion of heal wounds for 60 gold pieces
  2055 | D        | Bought a potion of curing for 36 gold pieces
  2097 | D        | Reached skill level 5 in Dodging
  2119 | D        | Reached skill level 19 in Maces & Flails
  2307 | D        | Noticed a lindwurm
  2321 | D        | Killed a lindwurm
  2321 | D        | Reached ****** piety under Trog
  2426 | D        | Received a gift from Trog
  2447 | D        | Received a gift from Trog
  2450 | D        | Reached XP level 11. HP: 93/111 MP: 10/10
  2461 | D        | Reached skill level 15 in Armour
  2470 | D        | Reached skill level 15 in Fighting
  2491 | D        | Noticed a 12-headed hydra
  2496 | D        | Killed a 13-headed hydra
  2496 | D        | Reached skill level 20 in Maces & Flails
  2528 | D        | Noticed a deep elf annihilator
  2558 | D        | Noticed a mummy priest
  2564 | D        | Killed a deep elf annihilator
  2567 | D        | Noticed a flayed ghost
  2567 | D        | Noticed a phantasmal warrior
  2617 | D        | Received a gift from Trog
  2653 | D        | Killed a lorocyproca
  3466 | D        | Noticed a shadow dragon
  3569 | D        | Noticed a golden dragon
  3576 | D        | Killed a golden dragon
  3576 | D        | Reached skill level 21 in Maces & Flails
  3579 | D        | Killed a shadow dragon
  3579 | D        | Reached skill level 10 in Dodging
  3662 | D        | Found Weyl's Gadget Shoppe.
  3771 | D        | Bought a bread ration for 60 gold pieces
  3771 | D        | Bought a meat ration for 60 gold pieces
  3771 | D        | Bought a bread ration for 60 gold pieces
  3808 | D        | Bought 2 potions of flight for 72 gold pieces
  3808 | D        | Bought a potion of flight for 36 gold pieces
  3843 | D        | Bought a scroll of enchant armour for 75 gold pieces
  3845 | D        | Bought a scroll of enchant armour for 82 gold pieces
  3852 | D        | Bought a wand of digging (5/24) for 252 gold pieces
  3857 | D        | Bought a phantom mirror for 390 gold pieces
  3885 | D        | Killed an unseen horror
  3899 | D        | Killed an unseen horror
  3899 | D        | Reached skill level 22 in Maces & Flails
  3899 | D        | Reached XP level 12. HP: 97/124 MP: 11/11
  3924 | D        | Noticed Sonja
  3929 | D        | Killed Sonja
  4122 | D        | Found Huaclux's Food Boutique.
  4130 | D        | Bought a bread ration for 70 gold pieces
  4130 | D        | Bought a bread ration for 70 gold pieces
  4175 | D        | Noticed a daeva
  4199 | D        | Killed a mummy priest
  4339 | D        | Noticed the 27-headed Lernaean hydra
  4345 | D        | Killed the 27-headed Lernaean hydra
  4560 | D        | Noticed a deep elf master archer
  4867 | D        | Killed a deep elf master archer
  4996 | D        | Got a glittering golden amulet
  5096 | D        | Got a scorched chain mail
  5102 | D        | Noticed Lom Lobon
  5126 | D        | Killed from afar by Lom Lobon

Skill      XL: |  1  2  3  4  5  6  7  8  9 10 11 12 |
---------------+-------------------------------------+-----
Fighting       | 5 6 8 10 11 13 14 16 17 | 17.2
Maces & Flails | 5 8 10 13 14 17 18 19 22 | 22.7
Armour         | 5 6 8 10 11 13 14 16 17 | 17.3
Dodging        | 3 7 10 11 | 11.4
Shields        | 5 8 |  8.3

Action                   |  1- 3 |  4- 6 |  7- 9 | 10-12 || total
-------------------------+-------+-------+-------+-------++-------
Melee: Flail             |    15 |    31 |    62 |   154 ||   262
       Headbutt          |     4 |     6 |    15 |    68 ||    93
       Dire flail        |       |       |       |    18 ||    18
       Great mace        |       |       |       |    43 ||    43
Invok: Berserk           |       |       |     1 |     3 ||     4
       Brothers in Arms  |       |       |       |    11 ||    11
       Trog's Hand       |       |       |       |     1 ||     1
Evoke: Wand              |       |       |       |     1 ||     1
       Phantom mirror    |       |       |       |     1 ||     1
  Use: Scroll            |       |       |       |     3 ||     3
       Potion            |       |       |       |     1 ||     1
  Eat: Chunk             |       |       |     2 |     5 ||     7
       Royal jelly       |       |       |       |     1 ||     1
       Bread ration      |       |       |       |     2 ||     2
       Meat ration       |       |       |       |     1 ||     1
Armor: Scale mail        |       |     5 |     9 |       ||    14
       Plate armour      |       |       |    15 |    76 ||    91
       Gold dragon scale |       |       |       |    46 ||    46
Dodge: Dodged            |     9 |     2 |    15 |    55 ||    81
Block: Shield            |     4 |    13 |    26 |    72 ||   115
